 Dungeon Crawl Stone Soup version 0.30-a0-883-g5ad918d77d (webtiles) character file.

Game seed: 13004405631143252451

301 Dittersdorf the Shield-Bearer (level 6, -1/48 HPs)
             Began as a Human Fighter on Mar 17, 2023.
             Slain by a goblin
             ... wielding a +0 club
              (3 damage)
             ... on level 3 of the Dungeon.
             The game lasted 00:02:48 (2108 turns).

Dittersdorf the Shield-Bearer (Human Fighter)       Turns: 2108, Time: 00:02:49

Health: -1/48      AC: 10    Str: 18    XL:     6   Next: 64%
Magic:  6/6        EV:  6    Int:  8    God:
Gold:   128        SH:  5    Dex: 13    Spells: 5/5 levels left

rFire   . . .      SeeInvis .    a - +0 long sword
rCold   . . .      Faith    .    c - +0 buckler
rNeg    . . .      Spirit   .    h - +0 chain mail
rPois   .          Reflect  .    (no helmet)
rElec   .          Rampage  .    (no cloak)
rCorr   .                        (no gloves)
Will    .....                    r - +0 pair of boots Stlth
                                 (no amulet)
HPRegen 0.28/turn                (no ring)
MPRegen 0.10/turn                (no ring)

@: no status effects
A: no striking features
a: no special abilities


You were on level 3 of the Dungeon.
You visited 1 branch of the dungeon, and saw 3 of its levels.

You collected 128 gold pieces.

Inventory:

Hand Weapons
 a - a +0 long sword (weapon)
Armour
 c - a +0 buckler (worn)
 h - a +0 chain mail (worn)
 r - a +0 pair of boots (worn)
Scrolls
 e - a scroll of identify {unknown}
 f - a scroll of poison {unknown}
 g - a scroll of fear {unknown}
 i - a scroll of fog {unknown}
 j - a scroll of enchant armour {unknown}
 k - 2 scrolls of amnesia {unknown}
 m - a scroll of vulnerability {unknown}
 n - 3 scrolls of teleportation {unknown}
 p - a scroll of silence {unknown}
 q - a scroll of acquirement {unknown}
Potions
 b - 2 potions of curing {unknown}
 d - a potion of might
 l - a potion of mutation {unknown}
 o - a potion of lignification {unknown}
 s - a potion of magic {unknown}


   Skills:
 + Level 4.2 Fighting
 + Level 3.6 Long Blades
 + Level 4.2 Armour
 + Level 4.3 Shields


You had 5 spell levels left.
You didn't know any spells.
Your spell library contained the following spells:

 Spells                   Type           Power      Damage    Failure   Level
 Magic Dart               Conj           0%         1d3       100%        1
 Searing Ray              Conj           0%         2d4       100%        2
 Ignite Poison            Fire/Tmut/Pois 0%         N/A       100%        3
 Fulminant Prism          Conj/Hex       0%         3d5       100%        4
 Sticky Flame             Conj/Fire      0%         2d3       100%        4
 Ignition                 Fire           0%         3d3       100%        8


Dungeon Overview and Level Annotations

Branches:
Dungeon (3/15)

Altars:

Annotations:
D:3 Natasha


Message History

The grasping roots constrict you.
A frilled lizard comes into view.
The grasping roots release their grip on you.
You hit Ijyb.
Ijyb is almost dead.
Ijyb hits you with a +0 club.
* * * LOW HITPOINT WARNING * * *
You hit Ijyb but do no damage.
Ijyb is almost dead.
Ijyb barely misses you. You block the hobgoblin's attack. x2
The hobgoblin barely misses you. You block the hobgoblin's attack.
Ijyb zaps a wand.
The roots erupt in riotous growth!
The grasping roots grab you!
The hobgoblin is unaffected.
Ijyb is unaffected.
The hobgoblin is unaffected.
The grasping roots constrict you.
* * * LOW HITPOINT WARNING * * *
You hear an angry hiss.
You closely miss Ijyb.
Ijyb is almost dead.
The hobgoblin hits you.
* * * LOW HITPOINT WARNING * * *
You block Ijyb's attack. The grasping roots constrict you.
* * * LOW HITPOINT WARNING * * *
The hobgoblin hits you but does no damage.
You closely miss Ijyb.
Ijyb is almost dead.
Ijyb hits you with a +0 club.
* * * LOW HITPOINT WARNING * * *
The grasping roots constrict you.
* * * LOW HITPOINT WARNING * * *
The goblin hits you with a +0 club.
* * * LOW HITPOINT WARNING * * *
You block the hobgoblin's attack.
The hobgoblin hits you but does no damage.
The grasping roots release their grip on you.
You closely miss Ijyb.
Ijyb is almost dead.
You kill Ijyb!
The goblin hits you with a +0 club.
You die...

#...................
#...................
#................)..
#...................
#...................
#...................
#...................
#...g..<............
#..@g...............
#..)g..........(....
#..(l...[...........
#...........(.......
#...................
#........... .......
#........... ......
#.......... .....
....


You could see 2 hobgoblins, a goblin and a frilled lizard.

Vanquished Creatures
  Sigmund (D:3)
  Ijyb (D:3)
  Natasha (D:3)
  5 adders
  2 worms (D:2)
  A dart slug (D:2)
  An orc (D:3)
  6 bats
  8 endoplasms
  A giant cockroach (D:2)
  4 goblins
  3 hobgoblins (D:2)
  6 kobolds
  5 quokkas
  9 ball pythons
  6 frilled lizards
  5 rats
65 creatures vanquished.

Notes
Turn   | Place    | Note
-------+----------+-------------------------------------------
     0 | D:1      | Dittersdorf the Human Fighter began the quest for the Orb.
     0 | D:1      | Reached XP level 1. HP: 18/18 MP: 1/1
    57 | D:1      | Found a faded altar of an unknown god.
   156 | D:1      | Reached XP level 2. HP: 24/24 MP: 2/2
   489 | D:1      | Reached XP level 3. HP: 28/29 MP: 3/3
  1158 | D:2      | Reached XP level 4. HP: 35/35 MP: 4/4
  1865 | D:3      | Noticed Natasha
  1882 | D:3      | Killed Natasha
  1883 | D:3      | Reached XP level 5. HP: 28/42 MP: 5/5
  2023 | D:3      | Noticed Sigmund
  2035 | D:3      | Killed Sigmund
  2036 | D:3      | Reached XP level 6. HP: 40/48 MP: 6/6
  2043 | D:3      | Noticed Natasha
  2091 | D:3      | Noticed Ijyb
  2107 | D:3      | HP: 2/48 [constriction (2)]
  2108 | D:3      | Killed Ijyb
  2108 | D:3      | Slain by a goblin

Illustrated notes

Levels and vault maps discovered:
D:1:      evilmike_arrival_crescent, layout_rooms,
          nicolae_ecumenical_snake_handling, chequers_serial_rivers_room_a
D:2:      layout_loops_ring, st_stairs_12, minmay_strange_pillars,
          grunt_ministairs_5, minmay_puff
D:3:      layout_basic, uniq_sigmund, uniq_natasha, uniq_ijyb

Skill      XL: |  1  2  3  4  5 |
---------------+----------------+-----
Long Blades    | 3 |  3.6
Fighting       | 4 |  4.2
Armour         | 4 |  4.2
Shields        | 4 |  4.3

Action                     |  1- 3 |  4- 6 || total
---------------------------+-------+-------++-------
  Melee: Long sword        |   105 |   144 ||   249
  Throw: Dart              |       |     4 ||     4
 Armour: Scale mail        |    31 |       ||    31
         Chain mail        |    23 |   106 ||   129
  Dodge: Dodged            |    41 |    42 ||    83
  Block: Buckler           |    18 |    41 ||    59

Table legend: (Time is in decaauts)
 A = Elapsed time spent in this place.
 B = Non-inter-level travel time spent in this place.
 C = Inter-level travel time spent in this place.
 D = Time resting spent in this place.
 E = Time spent auto-exploring this place.
 F = Levels seen in this place.
 G = Mean time per level.
                   A        B        C        D        E       F      G
               +--------+--------+--------+--------+--------+-----+--------+
         Total |   2198 |   2040 |    158 |      0 |   1430 |   3 |  732.7 |
       Dungeon |   2198 |   2040 |    158 |      0 |   1430 |   3 |  732.7 |
               +--------+--------+--------+--------+--------+-----+--------+

Top non-repeatable levels by time:
     D:2: 1171 daAuts
     D:1: 703 daAuts
     D:3: 323 daAuts
